[Event "NM-Senior Hurtig 2018"]
[Site "Frimurer Logen, Norway"]
[Date "2018.11.10"]
[Round "5.1"]
[White "Bjerke, Richard"]
[Black "Gyldenås, Ole Jørn"]
[Result "1-0"]
[TimeControl "20 + 10"]
[WhiteElo "2094"]
[BlackElo "1743"]

1. d4 Nf6 2. c4 e6 3. Nf3 d5 4.
Nc3 Be7 5. Bg5 O-O 6. e3 c6 7. Rc1 Nbd7 8. Bd3 dxc4 9. Bxc4 Nd5 10. Bxe7 Qxe7 11. O-O Nxc3 12. Rxc3 e5 13. Qc2 e4 14.
Nd2 Nf6 15. Bb3 Bg4 16. Re1 Rad8 17. h3 Bc8 18. Rc1 Rfe8 19. Nc4 Nd5 20. Ne5 f6 21. Nxc6 bxc6 22. Rxc6 Be6 23. Qxe4 Bf7 24.
Qf3 Qf8 25. R1c5 Nb4 26. Bxf7+ Qxf7 27. Rc7 Re7 28. Qb7 Rxc7 29. Rxc7 Qf8 30. Qxa7 Nd5 31. Rc5 f5 32. Qb7 Qf7 33.
Qb3 g6 34. a4 Kg7 35. a5 Kh6 36. a6 Qd7 37. a7 Nf6 38. Qb6 Ne4 39. Rc7 Qa4 40. Qb7 Rh8 41. a8=Q Qd1+ 42. Kh2 Nxf2 43.
Qxh8 Qh1+ 44. Kg3 Ne4+ 45. Qxe4 Qe1+ 46. Kh2 1-0

[Event "NM-Senior Hurtig 2018"]
[Site "Frimurer Logen, Norway"]
[Date "2018.11.10"]
[Round "5.3"]
[White "Hamre, Einar"]
[Black "Oldernes, Lars Arne"]
[Result "1/2-1/2"]
[TimeControl "20 + 10"]
[WhiteElo "1778"]
[BlackElo "1697"]

1. e4 e5 2. Nf3 Nf6 3. Nxe5 Qe7 4. d4 Nc6 5. Nc3 Nxe5 6. dxe5 Qxe5 7. Bd3 Bb4 8. Bd2 d5 9. Qe2 dxe4 10.
Nxe4 Bxd2+ 11. Nxd2 Qxe2+ 12. Bxe2 Bf5 13. O-O-O O-O-O 14. Bc4 Bg6 15. f3 Rd4 16. Bb3 Rhd8 17. Nc4 Rxd1+ 18. Rxd1 Rxd1+ 19. Kxd1 Kd7 20. Kd2 c5 21. a4 Nd5 22. Ne5+ Kd6 23. Nc4+ Kc7 24. g3 Nb6 25. Ne5 f6 26.
Nxg6 hxg6 27. a5 Nd7 28. f4 Kd6 29. Ke3 b6 30. axb6 axb6 31. Bf7 Nf8 32. Ke4 Ke7 33.
Bc4 Kd6 34. f5 g5 35. h4 gxh4 36.
gxh4 Nd7 37. Kf4 Ne5 38. Bg8 c4 39.
Ke4 Kc5 40. Be6 Ng4 41. Kf4 Ne5 42. Ke4 Nc6 43. c3 Ne5 44. h5 b5 45. Ke3 Ng4+ 46. Kd2 Ne5 47. Ke3 Nd3 48. b4+ Kd6 49. Bg8 Ne5 50. Kd4 Nf3+ 51. Ke4 Ne5 52. Bd5 Nd3 53.
Bb7 Nf2+ 54. Kd4 Nh3 55. Bf3 Ng5 56. Bg2 Nf7 57. Bb7 Ne5 58. Ba6 Kc6 59. Bc8 Nf3+ 60. Ke3 Ne5 61. Be6 Kd6 62.
Bc8 Kc7 63. Ba6 Kb6 64. Bc8 Kc7 65. Be6 Kd6 66. Bc8 Kc7 67.
Ba6 Kb6 68. Bc8 Kc7 69. Be6 Kd6 70. Ke4 Nd3 71. Kf3 Nb2 72. Ke4 Nd3 73. Bg8 Nf4 74. Kd4 1/2-1/2

[Event "NM-Senior Hurtig 2018"]
[Site "Frimurer Logen, Norway"]
[Date "2018.11.10"]
[Round "5.4"]
[White "Borch, Alex"]
[Black "Antonsen, Frode"]
[Result "1-0"]
[TimeControl "20 + 10"]
[WhiteElo "1728"]
[BlackElo "1656"]

1. e4 e6 2. d4 d5 3. exd5 exd5 4. Bd3 Nf6 5. Bg5 Be7 6. Ne2 h6 7. Bh4 Ne4 8. Bxe7 Qxe7 9. c3 O-O 10.
Nd2 Nd7 11. f3 Nxd2 12. Qxd2 c5 13. O-O-O c4 14. Bb1 b5 15. g4 Re8 16. Nf4 Qd6 17. Rde1 Bb7 18. Nh5 Nf6 19. Ng3 Rxe1+ 20. Rxe1 Re8 21. Rxe8+ Nxe8 22. Nf5 Qe6 23. Qe3 Qxe3+ 24. Nxe3 g6 25. Kd2 Kg7 26. Bc2 Nc7 27. a4 a6 28.
h4 Ne6 29. Ng2 Bc6 30. axb5 axb5 31. Ke3 f6 32. f4 Nc7 33. Ne1 Bd7 34. Kf3 Kf7 35. Kg3 Kg7 36. Bd1 Kf7 37. Bf3 Bc6 38. Nc2 Na6 39. Kf2 Ke6 40.
Ke2 Kd6 41. Kd2 Bd7 42. Ne3 Nc7 43. Ke2 Bc6 44. h5 gxh5 45. Nf5+ Ke6 46. Ng7+ Kf7 47. Nxh5 b4 48. cxb4 Na6 49. b5 Bxb5 50. Bxd5+ Ke7 51.
Kd2 Nb4 52. Be4 Bd7 53. f5 Bb5 54. Nf4 Kd6 55. Nh5 Ke7 56. Nf4 Kd6 57. Kc3 Na2+ 58. Kc2 Nb4+ 59. Kd2 Ba6 60. Ne6 Bb5 61. Nd8 Ke7 62. Nb7 Nc6 63.
Kc3 Kd7 64. Nc5+ Kd6 65. Bf3 Ke7 66. Ne4 Kf7 67. Nd2 Na5 68. Kb4 Bc6 69. Kxa5 Bxf3 1-0

[Event "NM-Senior Hurtig 2018"]
[Site "Frimurer Logen, Norway"]
[Date "2018.11.10"]
[Round "5.5"]
[White "Olsen, Trygve"]
[Black "Brobakken, Geir"]
[Result "0-1"]
[TimeControl "20 + 10"]
[WhiteElo "1464"]
[BlackElo "1759"]

1. f4 d5 2. d4 Nf6 3. Nf3 Bf5 4. e3 e6 5. Be2 Nbd7 6. O-O c6 7. c3 Ne4 8. Nbd2 Qc7 9. Nxe4 dxe4 10. Nd2 h6 11. Bg4 O-O-O 12. b4 Nf6 13. Bxf5 exf5 14.
a4 Nd5 15. Nb1 Be7 16. Qb3 f6 17. a5 a6 18. Na3 Rdf8 19. Nc4 g5 20. Nb6+ Nxb6 21. axb6 Qd7 22. c4 gxf4 23. Rxf4 Bd6 24.
Rh4 Bb8 25. Ra5 f4 26. Qa3 Rfg8 27. d5 Qg7 28. Qa2 f3 29. g3 Bxg3 0-1

[Event "NM-Senior Hurtig 2018"]
[Site "Frimurer Logen, Norway"]
[Date "2018.11.10"]
[Round "5.6"]
[White "Stubrud, Jan Magne"]
[Black "Wister, Finn Arild"]
[Result "1-0"]
[TimeControl "20 + 10"]
[WhiteElo "1684"]
[BlackElo "1510"]

1. g4 d5 2. Bg2 Bxg4 3. c4 Nf6 4. Nc3 e6 5. Qb3 b6 6. cxd5 exd5 7. Nxd5 Nxd5 8. Bxd5 Be6 9. Bxe6 fxe6 10.
Qxe6+ Qe7 11. Qc8+ Qd8 12. Qxd8+ Kxd8 13. Nf3 Nd7 14. b3 Be7 15. Bb2 Bf6 16. d4 Re8 17. Rg1 Kc8 18. Rc1 Kb7 19.
Ne5 Nxe5 20. dxe5 Bxe5 21. Bxe5 Rxe5 22. Rxg7 Rh5 23. Rcxc7+ Ka6 24. Rxh7 Rxh7 25. Rxh7 Rc8 26. h4 1-0

[Event "NM-Senior Hurtig 2018"]
[Site "Frimurer Logen, Norway"]
[Date "2018.11.10"]
[Round "5.7"]
[White "Synnestvedt, Jan"]
[Black "Kristiansen, Erling"]
[Result "0-1"]
[TimeControl "20 + 10"]
[WhiteElo "1941"]
[BlackElo "2126"]

1. d4 Nf6 2. Nf3 d5 3. Bf4 e6 4. e3 c5 5. c3 Nc6 6. Bd3 Be7 7. O-O Nh5 8. Bg3 Nxg3 9. hxg3 O-O 10.
Nbd2 f5 11. Bb5 Bd7 12. Bxc6 Bxc6 13. dxc5 Bxc5 14. Ne5 Be8 15. Ndf3 Qc7 16. Qb3 Bd6 17. Nd3 e5 18. Ndxe5 Bc6 19. Nxc6 bxc6 20. Nd4 Rae8 21. c4 Rb8 22.
Qc2 Qd7 23. cxd5 cxd5 24. b3 Rbc8 25. Qd3 Ba3 26. Rad1 Rc5 27. Nc2 Bb2 28. Nd4 g6 29. Rb1 Bxd4 30. Qxd4 Rfc8 31. Rfd1 a5 32.
Rd2 Kf7 33. Rbd1 Ke6 34. f3 Qc7 35. b4 axb4 36. Qxb4 Qxg3 37. Qb6+ R8c6 38. Qd8 Qe5 39. Qg8+ Kf6 40. Kf2 Rc7 41.
Rxd5 Rxd5 42. Qxd5 Rc2+ 43. Kf1 Qxd5 44. Rxd5 Rxa2 45. Rd7 h5 46. Rd6+ Kg7 47. Rd1 Kf6 48. Re1 Ke5 49. Re2 Ra3 50.
Kf2 g5 51. Rb2 Ra5 52. Rc2 h4 53.
Rb2 g4 54. fxg4 fxg4 55. Rc2 Ra4 56. Rc5+ Ke4 57. Rh5 g3+ 58. Ke2 Ra2+ 59. Kd1 Kxe3 60. Rxh4 Kf2 0-1

[Event "NM-Senior Hurtig 2018"]
[Site "Frimurer Logen, Norway"]
[Date "2018.11.10"]
[Round "5.9"]
[White "Taksrud, Vidar"]
[Black "Larsen, Arild"]
[Result "1/2-1/2"]
[TimeControl "20 + 10"]
[WhiteElo "1861"]
[BlackElo "1858"]

1. Nf3 Nc6 2. c4 e5 3. Nc3 d6 4. d4 exd4 5. Nxd4 Nxd4 6. Qxd4 Nf6 7. Bg5 Be7 8. e3 Bf5 9. Be2 O-O 10.
O-O Ne4 11. Bxe7 Qxe7 12. Nd5 Qd7 13. f3 Ng5 14. e4 Ne6 15. Qe3 Bg6 16. Rad1 f6 17. b4 b6 18. f4 Bf7 19. Bg4 c6 20.
c5 cxd5 21. exd5 Rfe8 22. Rfe1 Nxc5 23. Qh3 Qc7 24. bxc5 Qxc5+ 25. Kh1 h6 26. Be6 Qc7 27. f5 Re7 28. Rc1 Qb7 29. Qg3 Rd8 30.
Bxf7+ Kxf7 31. Re6 Rc8 32. Rce1 Rxe6 33. dxe6+ Kg8 34. Qxd6 Qe4 35. Qd1 Qxf5 36. e7 Re8 37. Qb3+ Kh8 38. Qa4 Rxe7 39. Rd1 Qe5 40.
h3 a5 41. Rd8+ Kh7 42. Qc2+ g6 43. Rd1 h5 44. Qc6 Qe6 1/2-1/2

[Event "NM-Senior Hurtig 2018"]
[Site "Frimurer Logen, Norway"]
[Date "2018.11.10"]
[Round "5.10"]
[White "Lea, Per"]
[Black "Ofstad, Per"]
[Result "1-0"]
[TimeControl "20 + 10"]
[WhiteElo "1673"]
[BlackElo "2131"]

1. e4 c5 2. Nf3 d6 3. Nc3 a6 4. d4 cxd4 5. Nxd4 Nc6 6. Be3 Nf6 7. Be2 e6 8. O-O Be7 9. Kh1 Qc7 10. f4 Bd7 11. Bf3 Nxd4 12.
Qxd4 e5 13. Qd2 Bc6 14. a4 O-O 15. Nd5 Bxd5 16. exd5 Nd7 17. Rfd1 Rac8 18. c3 f5 19. Be2 Nf6 20. fxe5 Ne4 21.
Qc2 dxe5 22. Bf3 Nd6 23. Be2 f4 24. Bg1 Rf6 25. Bf3 Rcf8 26. Rf1 Rh6 27. Be4 Qd7 28. Rf3 Nf5 29. Bxf5 Rxf5 30.
c4 Rfh5 31. c5 Qxd5 32. Rd1 Qc6 33. Qc4+ Qe6 34. Qe4 Qc6 35. Qc4+ Qe6 1-0

[Event "NM-Senior Hurtig 2018"]
[Site "Frimurer Logen, Norway"]
[Date "2018.11.10"]
[Round "5.11"]
[White "Skogheim, Ole Morten"]
[Black "Wibe, Per H."]
[Result "1/2-1/2"]
[TimeControl "20 + 10"]
[WhiteElo "1909"]
[BlackElo "1607"]

1. e4 e5 2. Nf3 Nc6 3.
Bb5 a6 4. Ba4 Nf6 5. O-O Nxe4 6. d4 b5 7. Bb3 d5 8.
dxe5 Be6 9. c3 Bc5 10. Nbd2 O-O 11.
Bc2 Nxf2 12. Rxf2 f6 13. Nf1 Bxf2+ 14. Kxf2
fxe5 15. Kg1 Qd6 16. Ng5 Bf5 17. Ne3 e4 18. Qxd5+ Qxd5 19. Nxd5 h6 20. Nxc7 Ra7 21. Nge6 Rf6 22. Nxg7 Kxg7 23. Ne8+ Kf7 24. Nxf6 Kxf6 25.
Bxh6 Rd7 26. Rd1 Rxd1+ 27. Bxd1 Ne5 28. Be2 Nc4 29.
Bxc4 bxc4 30. Kf2 Ke5 31. Ke3 Be6 32. h3 a5 33. Bf4+ Kd5 34.
g4 a4 35. Bg3 Bd7 36. Kf4 Bc8 37. h4 e3 38. g5 e2 39. g6 Ke6 40. Kg5 Ke7 41. h5 1/2-1/2

[Event "NM-Senior Hurtig 2018"]
[Site "Frimurer Logen, Norway"]
[Date "2018.11.10"]
[Round "5.12"]
[White "Simonsen, Steinar"]
[Black "Jansson, Helge"]
[Result "0-1"]
[TimeControl "20 + 10"]
[WhiteElo "1397"]
[BlackElo "1712"]

1. e4 e6 2. d4 d5 3.
exd5 exd5 4. Nf3 Bd6 5. Be3 Ne7 6. Bd3 O-O 7. O-O Bf5 8. Bxf5 Nxf5 9. Qd3 Ne7 10. c4 c6 11. Nc3 Nd7 12. c5 Bc7 13. Ng5 Nf6 14. f4 Ba5 15.
Rf3 h6 16. Nh3 Bxc3 17. bxc3 Ne4 18. f5 f6 19. Nf4 Rf7 20. c4 Nxf5 21. cxd5 cxd5 22. Ne6 Qe7 23. Nf4 Qd7 24. Ng6 Nxe3 25.
Qxe3 Re8 26. Qf4 Ng5 27. Re3 Kh7 28. Nh4 Rxe3 29. Qxe3 Re7 30. Qd3+ Kg8 31. Ng6 Re4 32. Rf1 Qe8 33.
Nf4 Re1 34. h4 Rxf1+ 35. Qxf1 Qe3+ 36. Kh1 Ne4 37. Qf3 Qxd4 38. Kh2 Qxc5 39. Qg4 Qd6 40. Qc8+ Kh7 41. Qf5+ g6 42. Qxg6+ Kg7 43. Qxh6+ Kf8 44. g3+ Ke7 45. Qg7+ Kd7 46. h5+ Kc6 47. h6 Qe5 48. Ng2 Qb2 49. h7 Ng5 50.
Kh3 Qe2+ 51. Kh4 Qe4+ 52. Nf4 Qh1+ 53. Kg4 Nxh7 54. Qf7 Qe4 55. Qg6 Qxg6+ 56. Nxg6 d4 57. Nf4 Kc5 58. Kf5 b5 59.
Kg6 Ng5 60. Kxf6 Ne4+ 61. Ke5 Nxg3 62. Nd3+ Kc4 63. Nb2+ Kc3 64. Nd1+ Kd3 65. Nb2+ Ke3 66. Kd5 a6 67. Kc5 Nf1 68. Kb6 0-1